 Dungeon Crawl Stone Soup version 0.17-b1-22-g5359643 (webtiles) character file.

3185 Kezarious the Destroyer (level 9, -4/74 HPs)
             Began as a Purple Draconian Conjurer on Nov 5, 2015.
             Was a Priest of Fedhas.
             Slain by Grum
             ... wielding a -1 halberd
              (15 damage)
             ... on level 8 of the Dungeon.
             The game lasted 01:03:09 (7449 turns).

Kezarious the Destroyer (Purple Draconian Conjurer) Turns: 7449, Time: 01:03:09

Health: -4/74      AC:  8    Str: 11    XL:     9   Next: 64%
Magic:  22/34      EV: 14    Int: 20    God:    Fedhas [***...]
Gold:   120        SH:  0    Dex: 12    Spells: 3 memorised, 10 levels left

rFire  x . .     SeeInvis .     f - +2 whip (drain)
rCold  . . .     Clarity  .     (armour unavailable)
rNeg   . . .     SustAt   .     (no shield)
rPois  +         Gourm    +     (helmet restricted)
rElec  .         Spirit   .     (no cloak)
rCorr  .         Warding  .     (no gloves)
rMut   .         Stasis   .     E - +0 pair of boots
MR     +....                    m - amulet of the gourmand
Stlth  ++........               K - ring "Etohabb" {+Blink rPois rF- MP+9 Int+2}
                                t - ring of magical power

@: short of breath, somewhat resistant to hostile enchantments, unstealthy
A: breathe power, unfitting armour, cold-blooded, AC +7
a: Breathe Dispelling Energy, Evolution, Sunlight, Growth, Renounce Religion,
Evoke Blink


You were on level 8 of the Dungeon.
You worshipped Fedhas.
Fedhas was most pleased with you.
You were full.

You visited 2 branches of the dungeon, and saw 9 of its levels.

You collected 344 gold pieces.
You spent 224 gold pieces at shops.

Inventory:

Hand Weapons
 d - a +0 dagger
 f - a +2 whip of draining (weapon)
 r - a +2 dagger of protection
 y - a cursed -3 whip
 C - a +0 quarterstaff
Armour
 E - a +0 pair of boots (worn)
Jewellery
 m - an amulet of the gourmand (around neck)
 t - a ring of magical power (left hand)
 x - a +3 ring of strength {unknown}
 K - the ring "Etohabb" (right hand) {+Blink rPois rF- MP+9 Int+2}
   (You bought it in a shop on level 5 of the Dungeon)

   [ring of intelligence]

   It affects your intelligence (+2).
   It makes you vulnerable to fire.
   It protects you from poison.
   It affects your magic capacity (+9).
   It lets you blink.
Scrolls
 g - 2 scrolls of blinking
 l - 2 scrolls of remove curse
 n - 4 scrolls of teleportation
 p - a scroll of enchant armour {unknown}
 q - a scroll of recharging
 w - a scroll of magic mapping
 A - a scroll of immolation
 B - 2 scrolls of enchant weapon {unknown}
 D - a scroll of amnesia {unknown}
 I - a scroll of random uselessness {unknown}
Potions
 e - 2 potions of curing
 h - a potion of beneficial mutation {unknown}
 i - a potion of flight {unknown}
 j - a potion of lignification
 s - a potion of brilliance {unknown}
 u - 2 potions of poison {unknown}
 F - 2 potions of ambrosia {unknown}
 H - a potion of invisibility {unknown}
 J - a potion of degeneration {unknown}
Books
 a - a book of Conjurations

   Spells                             Type                      Level
   a - Magic Dart                     Conjuration                  1
   b - Searing Ray                    Conjuration                  2
   c - Dazzling Spray                 Conjuration/Hexes            3
   d - Fulminant Prism                Conjuration/Hexes            4
   e - Iskenderun's Mystic Blast      Conjuration                  4
   f - Iskenderun's Battlesphere      Conjuration/Charms           5
 v - a book of Burglary

   Spells                             Type                      Level
   a - Swiftness                      Charms/Air                   2
   b - Passwall                       Transmutation/Earth          3
   c - Passage of Golubria            Translocation                4
   d - Lee's Rapid Deconstruction     Earth                        5
   e - Darkness                       Hexes                        6
   f - Invisibility                   Hexes                        6
 G - a Grand Grimoire

   Spells                             Type                      Level
   a - Monstrous Menagerie            Summoning                    6
   b - Summon Greater Demon           Summoning                    7
   c - Malign Gateway                 Summoning/Translocation      7
   d - Summon Horrible Things         Summoning                    8
Comestibles
 b - 6 bread rations
 k - 2 beef jerkies
 o - 5 meat rations
 z - a slice of pizza


   Skills:
 + Level 5.3 Fighting
 - Level 2.2(3.1) Maces & Flails
 + Level 3.2(3.5) Staves
 + Level 5.1 Dodging
 - Level 1.8 Stealth
 + Level 5.2 Spellcasting
 * Level 8.3 Conjurations
 * Level 5.1 Charms
 + Level 4.4 Invocations


You had 10 spell levels left.
You knew the following spells:

 Your Spells              Type           Power        Failure   Level  Hunger
a - Magic Dart            Conj           ####         1%          1    None
b - Searing Ray           Conj           #####.       1%          2    None
c - Iskenderun's Battles  Conj/Chrm      ####....     21%         5    #####..


Dungeon Overview and Level Annotations

Branches:
Dungeon (8/15)             Temple (1/1) D:4
   Lair: D:8-11

Altars:
Cheibriados
Dithmenos
Elyvilon
Fedhas
Gozag
Kikubaaqudgha
Makhleb
Nemelex Xobeh
Okawaru
Qazlal
Sif Muna
Trog
Xom
Yredelemnul
Zin
The Shining One

Shops:
D:5 :=*   D:7 [

Annotations:
D:8 Grum


Innate Abilities, Weirdness & Mutations

You can breathe bolts of dispelling energy.
Your rich purple scales are hard (AC +7).
Your body does not fit into most forms of armour.
You are cold-blooded and may be slowed by cold attacks.


Message History

Your Charms skill increases to level 5!
Grum closely misses you. The wolf bites you.
* * * LOW HITPOINT WARNING * * *
You offer a prayer to Fedhas.
Fedhas is most pleased with you.
Press: ? - help, Shift-Dir - straight line, f - Grum
Aim: Grum, wielding a halberd and wearing an animal skin You breathe a bolt of dispelling energy.
The bolt of dispelling energy misses the wolf.
The bolt of dispelling energy hits Grum.
Grum is moderately wounded.
You feel somewhat less full. The wolf bites you but does no damage.
Grum hits you from afar with a halberd!
* * * LOW HITPOINT WARNING * * *
You fail to use your ability.
The wolf bites you but does no damage. The wolf completely misses you.
Grum hits you but does no damage.
You fail to use your ability.
The wolf closely misses you. The wolf barely misses you.
Grum hits you from afar with a halberd!
You die...
Fedhas appreciates your contribution to the ecosystem.

#h# #.#.. . #_# #.#.. . #.# ###
#.#.. .## ##'## ..# #.#.# ..#
##...## #.# #.#.# ..# ##.ff..##
#####.####.#.# ..# ##.......##
##........#.ff.
..####........h####...##รท##.###.#
.....'........gh@................
....##........h####......##.###.#
..#.###.......## ##..#####.# #.#
#.#.# ##.....## #..# #.# #.# #.#.#
##...## #..#####.# #.# #.#.# ##+##
#ff......# #.# .)..# #.#####
##.####### .#. #)###
#.#...######.# # #.#
##.#.#..ff....#


You could see Grum, 2 wolves, a jackal and 2 friendly wandering mushrooms.

Vanquished Creatures
  A hippogriff (D:7)
  A wolf (D:8)
  A black bear (D:7)
  An ogre (D:5)
  A water moccasin (D:6)
  An ice beast (D:7)
  2 orc warriors
  4 centaurs
  4 giant frogs
  A wyvern skeleton (D:4)
  5 scorpions
  3 hounds
  A crimson imp (D:6)
  2 jellies
  A centaur skeleton (D:6)
  A giant frog skeleton (D:8)
  2 orc priests (D:7)
  7 orc wizards
  2 worker ants
  An iguana (D:3)
  A killer bee zombie (D:8)
  2 hound skeletons
  A worker ant zombie (D:5)
  Robin (D:2)
  5 gnolls
  13 adders
  2 shadow imps
  2 oozes
  4 worms
  35 orcs
  3 giant cockroaches
  16 goblins
  15 hobgoblins
  9 jackals
  10 kobolds
  2 quokkas
  2 ball pythons
  13 bats
  9 giant geckos
  A giant gecko zombie (D:6)
  4 giant newts
  A jackal zombie (D:7)
  9 rats
202 creatures vanquished.

Vanquished Creatures (collateral kills)
  A sky beast (D:8)
  3 ogres
  An orc warrior (D:7)
  A giant frog (D:6)
  A scorpion (D:4)
  4 orc priests
  An orc wizard (D:6)
  An iguana (D:4)
  2 river rats (D:6)
  5 orcs
  A giant cockroach (D:5)
  A giant gecko skeleton (D:7)
  A jackal (D:6)
  A toadstool (D:4)
24 creatures vanquished.

Vanquished Creatures (others)
  A wandering mushroom (D:7)
  131 toadstools
132 creatures vanquished.

Grand Total: 358 creatures vanquished

Notes
Turn   | Place    | Note
--------------------------------------------------------------
     0 | D:1      | Kezarious the Draconian Conjurer began the quest for the Orb.
     0 | D:1      | Reached XP level 1. HP: 14/14 MP: 3/3
   205 | D:1      | Reached XP level 2. HP: 15/20 MP: 1/5
   573 | D:1      | Reached XP level 3. HP: 11/27 MP: 0/6
   960 | D:2      | Found a blossoming altar of Fedhas.
   971 | D:2      | Reached skill level 1 in Fighting
   978 | D:2      | Became a worshipper of Fedhas Madash
  1149 | D:2      | Noticed Robin
  1160 | D:2      | Killed Robin
  1160 | D:2      | Reached XP level 4. HP: 16/35 MP: 1/7
  1168 | D:2      | Reached skill level 5 in Conjurations
  1427 | D:2      | Found a white marble altar of Elyvilon.
  1480 | D:2      | Reached * piety under Fedhas
  1559 | D:2      | Found a burning altar of Makhleb.
  1909 | D:3      | Reached XP level 5. HP: 41/41 MP: 4/8
  2232 | D:3      | Reached XP level 6. HP: 50/50 MP: 1/10
  2266 | D:3      | Found a shadowy altar of Dithmenos.
  2557 | D:3      | Reached skill level 1 in Invocations
  2939 | D:4      | Learned a level 2 spell: Searing Ray
  2945 | D:4      | Learned a level 5 spell: Iskenderun's Battlesphere
  3012 | D:4      | Reached skill level 6 in Conjurations
  3059 | D:4      | Reached skill level 1 in Maces & Flails
  3110 | D:4      | Your scales start taking on a rich purple colour.
  3110 | D:4      | Reached XP level 7. HP: 57/57 MP: 5/12
  3176 | D:4      | Found a staircase to the Ecumenical Temple.
  3236 | Temple   | Entered the Ecumenical Temple
  3794 | D:5      | Entered Level 5 of the Dungeon
  3906 | D:5      | Found Vuqil's General Store.
  4193 | D:5      | Found Valajozi's Book Emporium.
  4215 | D:5      | Reached skill level 1 in Charms
  4352 | D:5      | Found Xyxiu's Jewellery Boutique.
  5155 | D:6      | Reached XP level 8. HP: 61/66 MP: 14/14
  5188 | D:6      | Reached skill level 1 in Staves
  5457 | D:6      | Reached skill level 7 in Conjurations
  5818 | D:6      | Reached ** piety under Fedhas
  6082 | D:7      | Found Plog's Armour Boutique.
  6238 | D:7      | Reached XP level 9. HP: 35/72 MP: 15/16
  6256 | D:7      | Found a snail-covered altar of Cheibriados.
  6571 | D:7      | Reached skill level 5 in Spellcasting
  6813 | D:7      | Reached skill level 5 in Fighting
  7063 | D:5      | Bought the ring "Etohabb" {+Blink rPois rF- MP+9 Int+2} for 224 gold pieces
  7094 | D:6      | Reached skill level 5 in Dodging
  7094 | D:6      | Reached skill level 8 in Conjurations
  7306 | D:8      | Reached *** piety under Fedhas
  7430 | D:8      | Found a stormy altar of Qazlal.
  7430 | D:8      | Noticed Grum
  7446 | D:8      | Reached skill level 5 in Charms
  7449 | D:8      | Slain by Grum

Action                   |  1- 3 |  4- 6 |  7- 9 || total
-------------------------+-------+-------+-------++-------
Melee: Dagger            |    33 |       |       ||    33
       Unarmed           |     8 |       |       ||     8
       Whip              |    13 |    95 |    59 ||   167
 Cast: Magic Dart        |    64 |   148 |   402 ||   614
       Searing Ray       |       |       |     3 ||     3
Invok: Evolution         |       |     1 |     4 ||     5
 Abil: Breathe Dispellin |       |       |     3 ||     3
  Use: Scroll            |     3 |     3 |     7 ||    13
       Potion            |       |     1 |     5 ||     6
  Eat: Chunk             |     2 |     7 |    26 ||    35
